 Dungeon Crawl Stone Soup version 0.18.1-8-gdd0e5ea (webtiles) character file.

5876 hannobal the Thaumaturge (level 10, -7/58 HPs)
             Began as an Octopode Ice Elementalist on June 5, 2016.
             Was a Priest of Vehumet.
             Mangled by a fire bat (9 damage)
             ... on level 9 of the Dungeon on June 7, 2016.
             The game lasted 00:56:43 (14790 turns).

hannobal the Thaumaturge (OpIE)                    Turns: 14790, Time: 00:56:44

Health: -7/58      AC:  2    Str:  8    XL:     10   Next: 81%
Magic:  19/33      EV: 13    Int: 24    God:    Vehumet [***...]
Gold:   295        SH:  5    Dex: 16    Spells: 7 memorised, 11 levels left

rFire  . . .     SeeInvis +     a - +10 spear of the Mind {drain, *Noise Int+4 Stlth+}
rCold  . . .     Gourm    .     (no shield)
rNeg   . . .     Faith    .     (helmet restricted)
rPois  .         Spirit   .     R - +5 amulet of reflection
rElec  .         Dismiss  .     m - ring of see invisible
rCorr  .         Reflect  +     v - +3 ring of dexterity
SustAt +         Harm     .     z - ring of magical power
MR     .....                    x - ring of sustain attributes
Stlth  +++++.....               k - ring of stealth
                                L - ring of wizardry
                                (no ring)
                                (no ring)

@: repel missiles, not resistant to hostile enchantments, quite stealthy
A: almost no armour, amphibious, 8 rings, constrict 8, icy blue scales 1,
camouflage 1, gelatinous body 1
a: Renounce Religion


You were on level 9 of the Dungeon.
You worshipped Vehumet.
Vehumet was most pleased with you.
You were very full.

You visited 2 branches of the dungeon, and saw 10 of its levels.

You collected 655 gold pieces.
You spent 360 gold pieces at shops.

Inventory:

Hand Weapons
 a - the +10 spear of the Mind (weapon) {drain, *Noise Int+4 Stlth+}
   (You found it on level 6 of the Dungeon)

   A truly terrible weapon, it drains the life of those it strikes.
   It affects your intelligence (+4).
   It may make noises in combat.
   It makes you more stealthy.
 h - a +0 quarterstaff
 j - a +0 blowgun
 H - a +2 whip of electrocution
 I - a +1 trident of protection
 P - a +0 glaive
Missiles
 g - 8 tomahawks (quivered)
 A - 60 poisoned needles
Magical Staves
 e - an uncursed staff of poison
Jewellery
 k - a ring of stealth (on tentacle)
 m - a ring of see invisible (left tentacle)
 v - a +3 ring of dexterity (right tentacle)
 x - a ring of sustain attributes (on tentacle)
 z - a ring of magical power (on tentacle)
 G - an uncursed amulet of the gourmand
 L - a ring of wizardry (on tentacle)
 R - a +5 amulet of reflection (around mantle)
Wands
 y - a wand of disintegration (18/24)
 B - a wand of iceblast (5/15)
 U - a wand of polymorph (8/24)
 W - a wand of polymorph (10/24)
Scrolls
 c - 4 scrolls of teleportation
 i - 13 scrolls of identify
 r - 4 scrolls of remove curse
 J - a scroll of fog
 S - a scroll of fear
 Y - a scroll of enchant armour
Potions
 l - 6 potions of heal wounds
 n - 4 potions of curing
 o - a potion of magic
 w - a potion of brilliance
 D - a potion of agility
 E - a potion of cancellation
 F - a potion of berserk rage
 K - 2 potions of might
 V - a potion of flight
 X - a potion of haste
Books
 d - a book of Frost

   Spells                             Type                      Level
   a - Freeze                         Ice                          1
   b - Throw Frost                    Conjuration/Ice              2
   c - Ozocubu's Armour               Charms/Ice                   3
   d - Throw Icicle                   Conjuration/Ice              4
   e - Summon Ice Beast               Ice/Summoning                4
 N - a book of Changes

   Spells                             Type                      Level
   a - Beastly Appendage              Transmutation                1
   b - Sticks to Snakes               Transmutation                2
   c - Spider Form                    Transmutation/Poison         3
   d - Ice Form                       Ice/Transmutation            4
   e - Blade Hands                    Transmutation                5
 O - a book of Minor Magic

   Spells                             Type                      Level
   a - Magic Dart                     Conjuration                  1
   b - Blink                          Translocation                2
   c - Call Imp                       Summoning                    2
   d - Repel Missiles                 Charms/Air                   2
   e - Slow                           Hexes                        2
   f - Conjure Flame                  Conjuration/Fire             3
   g - Mephitic Cloud                 Conjuration/Poison/Air       3
 Q - a Fen Folio

   Spells                             Type                      Level
   a - Corpse Rot                     Necromancy                   2
   b - Stone Arrow                    Conjuration/Earth            3
   c - Leda's Liquefaction            Hexes/Earth                  4
   d - Summon Forest                  Summoning/Translocation      5
   e - Hydra Form                     Transmutation                6
   f - Summon Hydra                   Summoning                    7
 T - a book of Necromancy

   Spells                             Type                      Level
   a - Pain                           Necromancy                   1
   b - Animate Skeleton               Necromancy                   1
   c - Vampiric Draining              Necromancy                   3
   d - Regeneration                   Charms/Necromancy            3
   e - Animate Dead                   Necromancy                   4
   f - Control Undead                 Necromancy                   4
Comestibles
 b - 11 bread rations
 p - 5 meat rations
 q - 6 beef jerkies
 s - a royal jelly
 M - 8 slices of pizza


   Skills:
 - Level 1.3 Fighting
   Level 1.0 Short Blades
 - Level 1.4 Maces & Flails
 - Level 1.5 Polearms
 + Level 3.2 Dodging
 - Level 2.6 Stealth
 - Level 10.0 Spellcasting
 - Level 4.0 Conjurations
 - Level 3.1 Charms
 - Level 7.0 Summonings
 - Level 1.6 Translocations
 - Level 7.0 Ice Magic


You had 11 spell levels left.
You knew the following spells:

 Your Spells              Type           Power        Failure   Level  Hunger
a - Summon Ice Beast      Ice/Summ       #####...     1%          4    #......
b - Blink                 Tloc           N/A          1%          2    None
i - Throw Icicle          Conj/Ice       #####...     1%          4    #......
m - Repel Missiles        Chrm/Air       ###...       1%          2    None
o - Ozocubu's Armour      Chrm/Ice       #####...     1%          3    None
r - Searing Ray           Conj           ####..       1%          2    None
z - Freeze                Ice            ####         1%          1    None


Dungeon Overview and Level Annotations

Branches:
Dungeon (9/15)             Temple (1/1) D:5            Lair (0/8) D:9
    Orc: D:9-12

Altars:
Ashenzari
Cheibriados
Dithmenos
Elyvilon
Fedhas
Gozag
Kikubaaqudgha
Makhleb
Nemelex Xobeh
Okawaru
Pakellas
Qazlal
Ru
Sif Muna
Trog
Vehumet
Xom
Yredelemnul
Zin
The Shining One

Shops:
D:9 =

Annotations:
D:2 Sigmund


Innate Abilities, Weirdness & Mutations

You cannot wear most types of armour.
You are amphibious.
You can wear up to eight rings at the same time.
You can use your tentacles to constrict eight enemies at once.
Your skin changes colour to match your surroundings (Stealth).
Your rubbery body absorbs attacks (AC +1).
You are partially covered in icy blue scales (AC +1).


Message History

The searing ray hits the fire bat.
The fire bat is heavily wounded.
The fire bat bites you but does no damage.
The fire bat bites you.
You are engulfed in flames!
The hell hound breathes flames at you.
The blast of flame hits the fire bat.
The fire bat completely resists.
The blast of flame hits you!
Your icy armour melts away.
* * * LOW HITPOINT WARNING * * *
The fire bat bites you.
* * * LOW HITPOINT WARNING * * *
You are engulfed in flames!
* * * LOW HITPOINT WARNING * * *
The heat melts your icy armour.
Casting: Searing Ray
Confirm with . or Enter, or press ? or * to list all spells.
A chill wind blows around you. The fire bat bites you.
* * * LOW HITPOINT WARNING * * *
You are engulfed in flames!
You die...

#####...########
........#.S##..≈
##..#####S|#vv≈.
#..# ##...≈.
##..######.§h≈≈.
........#.§v≈≈≈.
###.....#.≈≈≈≈.b
#..####≈.....b##
#..###########@#
###............#.#
................Y#
###..#############
#..#
###..###########
...............#
...###########.#
#..# #.#


You could see 3 fire vortices, a hell hound, 2 fire bats, 2 lava snakes and a
friendly ice beast.

Vanquished Creatures
  The ghost of Scarto the Skirmisher, a novice DsFi of Qazlal (D:8)
  A human (D:7)
  2 fire bats (D:9)
  A water moccasin (D:7)
  Duvessa (D:7)
  A sky beast (D:7)
  3 orc warriors
  2 phantoms
  A wasp (D:7)
  2 ogres
  A wolf (D:8)
  3 centaurs (D:6)
  A big kobold (D:9)
  2 jellies
  A water moccasin skeleton (D:8)
  4 scorpions
  A wight (D:7)
  2 crimson imps
  6 hounds
  2 quasits
  A centaur zombie (D:4)
  5 orc wizards
  7 orc priests
  A centaur skeleton (D:6)
  2 giant frog skeletons
  Jessica (D:2)
  Ijyb (D:3)
  7 iguanas
  10 worker ants
  3 sheep (D:7)
  A killer bee zombie (D:5)
  2 hound skeletons
  2 worker ant zombies
  12 adders
  3 gnolls (D:4)
  A howler monkey skeleton (D:8)
  2 shadow imps
  An adder skeleton (D:7)
  4 worms
  3 dart slugs
  6 giant geckos
  27 orcs
  7 bats
  5 giant cockroaches
  11 goblins
  13 hobgoblins
  4 quokkas
  3 ball pythons
  A giant gecko skeleton (D:5)
  2 giant gecko zombies
  6 giant newts
  14 kobolds
  A quokka skeleton (D:6)
  8 rats
215 creatures vanquished.

Vanquished Creatures (collateral kills)
  A hill giant (D:9)
  A centaur zombie (D:8)
  Prince Ribbit (D:5)
  Grum (D:8)
  A yak (D:7)
  An ice beast (D:7)
  3 orc warriors
  An eye of draining (D:8)
  A wasp (D:7)
  An ogre (D:6)
  A wolf (D:8)
  A centaur (D:5)
  A giant frog (D:6)
  A gnoll sergeant (D:7)
  A water moccasin zombie (D:8)
  Dowan (D:7)
  2 wights (D:7)
  2 jellies
  2 hounds (D:8)
  An orc priest (D:7)
  A gnoll shaman (D:7)
  6 orc wizards
  A worker ant (D:6)
  A hound zombie (D:7)
  An adder (D:8)
  4 gnolls (D:7)
  A shadow imp (D:6)
  A worm (D:6)
  10 orcs
  4 jackals (D:5)
  A jackal zombie (D:6)
  A kobold (D:9)
57 creatures vanquished.

Grand Total: 272 creatures vanquished

Notes
Turn   | Place    | Note
--------------------------------------------------------------
     0 | D:1      | hannobal the Octopode Ice Elementalist began the quest for the Orb.
     0 | D:1      | Reached XP level 1. HP: 11/11 MP: 3/3
   304 | D:1      | Reached XP level 2. HP: 15/17 MP: 1/5
   311 | D:1      | Learned a level 2 spell: Throw Frost
   961 | D:1      | Reached XP level 3. HP: 21/21 MP: 4/6
  1467 | D:2      | Noticed Jessica
  1470 | D:2      | Killed Jessica
  1470 | D:2      | Reached XP level 4. HP: 27/27 MP: 3/7
  1763 | D:2      | Reached skill level 5 in Ice Magic
  1771 | D:2      | Learned a level 3 spell: Ozocubu's Armour
  2193 | D:2      | Reached skill level 1 in Charms
  2431 | D:2      | Noticed Sigmund
  2470 | D:2      | Reached XP level 5. HP: 20/31 MP: 0/8
  3145 | D:3      | Reached skill level 1 in Short Blades
  3296 | D:3      | Found a bloodstained altar of Trog.
  3302 | D:3      | Reached skill level 1 in Fighting
  3302 | D:3      | Reached XP level 6. HP: 18/38 MP: 3/9
  3549 | D:3      | Noticed Ijyb
  3569 | D:3      | Killed Ijyb
  3569 | D:3      | Reached skill level 1 in Maces & Flails
  3882 | D:3      | Learned a level 4 spell: Summon Ice Beast
  3980 | D:3      | Found an opulent altar of Gozag.
  3981 | D:3      | Found a shimmering altar of Xom.
  4029 | D:3      | Found an ancient bone altar of Kikubaaqudgha.
  4078 | D:3      | Reached skill level 3 in Spellcasting
  4839 | D:4      | Noticed a phantom
  5270 | D:4      | Reached XP level 7. HP: 38/43 MP: 11/11
  5625 | D:4      | Reached skill level 1 in Summonings
  6094 | D:5      | Entered Level 5 of the Dungeon
  6101 | D:5      | Noticed Prince Ribbit
  6376 | D:4      | Reached XP level 8. HP: 48/48 MP: 12/12
  6587 | D:5      | Found a shadowy altar of Dithmenos.
  6661 | D:5      | Reached skill level 5 in Summonings
  6729 | D:5      | Found a staircase to the Ecumenical Temple.
  6737 | Temple   | Entered the Ecumenical Temple
  6822 | Temple   | Became a worshipper of Vehumet
  7580 | D:5      | Killed Prince Ribbit
  7653 | D:5      | Found a snail-covered altar of Cheibriados.
  7659 | D:5      | Found a glowing silver altar of Zin.
  8511 | D:6      | Found a deep blue altar of Sif Muna.
  8518 | D:6      | Reached XP level 9. HP: 44/53 MP: 14/14
  8525 | D:6      | Got a dazzling spear
  8526 | D:6      | Identified the +10 spear of the Mind {drain, *Noise Int+4 Stlth+} (You found it on level 6 of the Dungeon)
  8615 | D:6      | Learned a level 4 spell: Throw Icicle
  8621 | D:6      | Reached skill level 4 in Spellcasting
  8622 | D:6      | Reached * piety under Vehumet
  8622 | D:6      | Offered knowledge of Sting by Vehumet.
  8964 | D:6      | Reached skill level 1 in Polearms
  9248 | D:6      | Reached skill level 5 in Spellcasting
  9711 | D:7      | Found an oddly glowing altar of Pakellas.
  9924 | D:7      | Noticed Dowan
  9931 | D:7      | Noticed Duvessa
  9934 | D:7      | Killed Dowan
  9943 | D:7      | Killed Duvessa
 10210 | D:7      | Learned a level 2 spell: Repel Missiles
 10214 | D:7      | Learned a level 2 spell: Blink
 10236 | D:7      | Reached ** piety under Vehumet
 10239 | D:7      | Offered knowledge of Searing Ray by Vehumet.
 10310 | D:7      | Reached skill level 1 in Translocations
 10331 | D:7      | Learned a level 2 spell: Searing Ray
 10954 | D:7      | Gained mutation: You are partially covered in icy blue scales (AC +1). [potion of beneficial mutation]
 10983 | D:7      | Reached skill level 6 in Spellcasting
 11636 | D:7      | Reached skill level 7 in Spellcasting
 11805 | D:7      | Reached XP level 10. HP: 51/58 MP: 18/20
 12026 | D:8      | Noticed Grum
 12038 | D:8      | Killed Grum
 12365 | D:8      | Noticed Scarto's ghost (novice DsFi)
 12376 | D:8      | Offered knowledge of Inner Flame by Vehumet.
 12541 | D:7      | Reached skill level 8 in Spellcasting
 12736 | D:8      | Killed Scarto's ghost
 13141 | D:8      | Reached *** piety under Vehumet
 13196 | D:8      | Reached skill level 9 in Spellcasting
 13422 | D:8      | Found a burning altar of Makhleb.
 13422 | D:8      | Found a basalt altar of Yredelemnul.
 13611 | D:9      | Found Hetig's Jewellery Shoppe.
 13626 | D:9      | Bought an uncursed ring of wizardry for 360 gold pieces
 13850 | D:9      | Noticed a hill giant
 13858 | D:9      | Killed a hill giant
 14059 | D:9      | Found a staircase to the Lair.
 14196 | D:9      | Offered knowledge of Static Discharge by Vehumet.
 14574 | D:9      | Reached skill level 10 in Spellcasting
 14790 | D:9      | HP: 2/58 [fire bat (2)]
 14790 | D:9      | Mangled by a fire bat

Skill      XL: |  1  2  3  4  5  6  7  8  9 10 |
---------------+-------------------------------+-----
Ice Magic      | 4 5 6 7 |  7.0
Charms         | 2 3 |  3.1
Short Blades   | 1 |  1.0
Fighting       | 1 |  1.3
Maces & Flails | 1 |  1.4
Spellcasting   | 3 7 10 | 10.0
Summonings     | 4 7 |  7.0
Polearms       | 1 |  1.5
Conjurations   | 4 |  4.0
Translocations | 1 |  1.6
Dodging        | 3 |  3.2
Stealth        | |  2.6

Action                   |  1- 3 |  4- 6 |  7- 9 | 10-12 || total
-------------------------+-------+-------+-------+-------++-------
Melee: Club              |     1 |       |       |       ||     1
       Dagger            |       |    12 |       |       ||    12
       Constrict         |       |     5 |     9 |     5 ||    19
       Tentacles         |       |     3 |     9 |     7 ||    19
       Whip              |       |     6 |    37 |       ||    43
       Spear             |       |       |    28 |    28 ||    56
Throw: Stone             |       |     1 |       |       ||     1
 Cast: Freeze            |    38 |   125 |   175 |    76 ||   414
       Throw Frost       |     1 |     9 |     8 |       ||    18
       Ozocubu's Armour  |       |     6 |    32 |    20 ||    58
       Summon Ice Beast  |       |       |    48 |    31 ||    79
       Throw Icicle      |       |       |     3 |    16 ||    19
       Blink             |       |       |     3 |       ||     3
       Searing Ray       |       |       |     2 |     5 ||     7
       Repel Missiles    |       |       |     1 |       ||     1
Evoke: Wand              |       |       |     8 |       ||     8
  Use: Scroll            |     4 |     5 |    13 |     4 ||    26
       Potion            |     3 |     5 |     1 |       ||     9
 Stab: Sleeping          |       |       |     4 |     1 ||     5
       Distracted        |       |       |     1 |     1 ||     2
  Eat: Chunk             |     2 |    14 |    37 |     9 ||    62
       Pizza             |       |       |     1 |       ||     1
       Fruit             |       |       |       |     3 ||     3
       Royal jelly       |       |       |       |     1 ||     1
Armor: Skin              |     4 |    17 |    47 |    40 ||   108
Dodge: Dodged            |    17 |    78 |   144 |    60 ||   299
Block: Other             |       |       |     3 |    13 ||    16
